 Dungeon Crawl Stone Soup version 0.30-a0-847-g17996783a1 (webtiles) character file.

Game seed: 5519598099709582831

132 holysushi the Cutter (level 4, -4/35 HPs)
             Began as a Demonspawn Monk on Mar 3, 2023.
             Was a Believer of Dithmenos.
             Slain by a worm (6 damage)
             ... on level 4 of the Dungeon.
             The game lasted 00:03:30 (3030 turns).

holysushi the Cutter (Demonspawn Monk)              Turns: 3030, Time: 00:03:31

Health: -4/35      AC:  5    Str: 11    XL:     4   Next: 92%
Magic:  4/4        EV: 13    Int: 11    God:    Dithmenos [**....]
Gold:   164        SH:  0    Dex: 18    Spells: 3/3 levels left

rFire   . . .      SeeInvis .    a - +0 short sword
rCold   . . .      Faith    .    (no shield)
rNeg    . . .      Spirit   .    b - +0 robe
rPois   .          Reflect  .    i - +1 helmet
rElec   .          Rampage  .    (no cloak)
rCorr   .                        h - +0 pair of gloves
Will    .....                    (no boots)
Stlth   +                        (no amulet)
HPRegen 0.25/turn                (no ring)
MPRegen 0.09/turn                (no ring)

@: confused, wreathed by umbra
A: large bone plates 1
a: Renounce Religion, Shadow Step


You were on level 4 of the Dungeon.
You worshipped Dithmenos.
Dithmenos was pleased with you.
You visited 1 branch of the dungeon, and saw 4 of its levels.

You collected 164 gold pieces.

Inventory:

Hand Weapons
 a - a +0 short sword (weapon)
Armour
 b - a +0 robe (worn)
 h - a +0 pair of gloves (worn)
 i - a +1 helmet (worn)
Jewellery
 f - a ring of poison resistance
Scrolls
 e - a scroll of teleportation
 j - a scroll of immolation
Potions
 d - a potion of magic


   Skills:
 - Level 3.0 Fighting
 + Level 5.1 Short Blades
 - Level 2.6 Dodging
 - Level 2.0 Stealth


You had 3 spell levels left.
You didn't know any spells.
Your spell library was empty.

Dungeon Overview and Level Annotations

Branches:
Dungeon (4/15) Zot: 21027
 Temple: D:4-7

Altars:
Dithmenos
Ru
Sif Muna

Annotations:
D:3 Grinder


Innate Abilities, Weirdness & Mutations

You are partially covered in large bone plates. (SH +4)


Message History

You are too confused!
The orc attacks as you move away! The orc hits you with a +0 flail.
You are too injured to fight recklessly!
You are too injured to fight recklessly!
You are too injured to fight recklessly!
The orc closely misses you. The orc closely misses you.
You can't go up here!
The orc misses you.
The orc wizard hits you but does no damage.
You hit the worm.
The worm is lightly wounded.
The worm closely misses you.
You feel less confused. The orc misses you. x3
The orc wizard points at you and mumbles some strange words.
You are confused.
You bump into the rock wall.
The orc hits you with a +0 flail. The orc barely misses you. x2
The orc wizard hits you with a +0 dagger.
Okay, then.
You are too confused!
Unknown command.
You are too confused!
Unknown command.
The orc hits you but does no damage. The orc closely misses you. x2
The orc wizard gestures at you while chanting.
The magic dart hits you.
* * * LOW HITPOINT WARNING * * *
You barely miss the orc wizard.
The orc wizard is heavily wounded.
The orc closely misses you. The orc hits you but does no damage.
The orc closely misses you.
The orc wizard attacks as you move away!
The orc wizard completely misses you. The orc wizard casts a spell at you.
The magic dart hits you!
* * * LOW HITPOINT WARNING * * *
The worm bites you.
You die...

#### ##..# ##
#...# #..# ##...#
##
.....##..@.##.###
w.......ow.o....#
#.....$<.oo...###
.....#..#...###
#... #..#).## # .
#......#
###.......
##.##.##.# ..# ##


You could see a worm, an orc wizard and 3 orcs.

Vanquished Creatures
  Robin (D:2)
  4 adders
  A dart slug (D:3)
  8 orcs
  3 giant cockroaches (D:1)
  18 goblins
  10 hobgoblins
  2 quokkas (D:1)
  3 ball pythons
  3 bats
  4 frilled lizards (D:2)
  5 kobolds
  6 rats
68 creatures vanquished.

Vanquished Creatures (others)
  3 plants (D:2)
3 creatures vanquished.

Grand Total: 71 creatures vanquished

Notes
Turn   | Place    | Note
-------+----------+-------------------------------------------
     0 | D:1      | holysushi the Demonspawn Monk began the quest for the Orb.
     0 | D:1      | Reached XP level 1. HP: 18/18 MP: 1/1
    63 | D:1      | Reached skill level 3 in Short Blades
   167 | D:1      | Gained mutation: You are partially covered in large bone
                  | plates. (SH +4) [demonic ancestry]
   167 | D:1      | Reached XP level 2. HP: 12/24 MP: 2/2
  1178 | D:2      | Reached XP level 3. HP: 28/29 MP: 3/3
  1339 | D:2      | Noticed Robin
  1379 | D:2      | Reached skill level 4 in Short Blades
  1559 | D:2      | Killed Robin
  1841 | D:2      | Reached XP level 4. HP: 26/35 MP: 4/4
  2351 | D:3      | Found a shadowy altar of Dithmenos.
  2361 | D:3      | Became a worshipper of Dithmenos the Shadowed
  2361 | D:3      | Reached * piety under Dithmenos
  2361 | D:3      | Reached ** piety under Dithmenos
  2483 | D:3      | Reached skill level 5 in Short Blades
  2673 | D:3      | Found a shimmering blue altar of Sif Muna.
  2712 | D:3      | Found a sacrificial altar of Ru.
  2834 | D:3      | Noticed Grinder
  2844 | D:3      | Paralysed by Grinder for 4 turns
  3030 | D:4      | Slain by a worm

Illustrated notes

Levels and vault maps discovered:
D:1:      lightli_arrival_flooded_house, layout_basic
D:2:      layout_basic, minmay_lizard_king, uniq_robin
D:3:      layout_loops_ring, led_sif_pool, nicolae_ru_sacrificial_ziggurat,
          nicolae_dithmenos_the_darkroom, minmay_circle_x, uniq_grinder,
          uniq_terence, uniq_crazy_yiuf_cottage
D:4:      layout_cave_pools, marbit_many_paths, minmay_temple_entry_crystal_x

Skill      XL: |  1  2  3  4 |
---------------+-------------+-----
Short Blades   | 3 4 5 |  5.1
Stealth        | 2 |  2.0
Fighting       | |  3.0
Dodging        | |  2.6

Action                     |  1- 3 |  4- 6 || total
---------------------------+-------+-------++-------
  Melee: Short sword       |   181 |    96 ||   277
         Punch             |     2 |       ||     2
    Use: Scroll            |     3 |     4 ||     7
         Potion            |       |     2 ||     2
   Stab: Sleeping          |     5 |     4 ||     9
 Armour: Robe              |    26 |    14 ||    40
  Dodge: Dodged            |    97 |    76 ||   173
  Block: Other             |    22 |    15 ||    37

Table legend: (Time is in decaauts)
 A = Elapsed time spent in this place.
 B = Non-inter-level travel time spent in this place.
 C = Inter-level travel time spent in this place.
 D = Time resting spent in this place.
 E = Time spent auto-exploring this place.
 F = Levels seen in this place.
 G = Mean time per level.
                   A        B        C        D        E       F      G
               +--------+--------+--------+--------+--------+-----+--------+
         Total |   2971 |   2857 |    114 |    192 |   2069 |   4 |  742.8 |
       Dungeon |   2971 |   2857 |    114 |    192 |   2069 |   4 |  742.8 |
               +--------+--------+--------+--------+--------+-----+--------+

Top non-repeatable levels by time:
     D:2: 1448 daAuts
     D:1: 931 daAuts
     D:3: 571 daAuts
     D:4: 20 daAuts
